 Dungeon Crawl Stone Soup version 0.19.0-20-gbc5f0c6 (webtiles) character file.

26217 toast the Severer (level 12, 0/112 HPs)
             Began as a Minotaur Fighter on Nov 16, 2016.
             Was a High Priest of Okawaru.
             Killed from afar by a fire giant (48 damage)
             ... with a bolt of fire
             ... on level 13 of the Dungeon.
             The game lasted 00:42:09 (13918 turns).

toast the Severer (Minotaur Fighter)               Turns: 13918, Time: 00:42:09

Health: 0/112      AC: 37    Str: 30    XL:     12   Next: 96%
Magic:  16/17      EV:  6    Int:  5    God:    Okawaru [*****.]
Gold:   881        SH:  0    Dex: 16    Spells: 0 memorised, 11 levels left

rFire  . . .     SeeInvis .     E - +5 dire flail (protect)
rCold  + . .     Gourm    .     D - +0 crystal plate armour
rNeg   . . .     Faith    .     (shield currently unavailable)
rPois  .         Spirit   .     (helmet restricted)
rElec  .         Reflect  .     H - +2 cloak "Loogg" {-Cast Dex+5}
rCorr  .         Harm     .     m - +2 pair of gloves {Str+3}
MR     +....     Clarity  +     i - +0 pair of boots
Stlth  .......... NoCast   +    c - amulet of regeneration
                                I - ring of protection from magic
                                x - ring of protection from cold

@: protection aura, studying 2 skills
A: retaliatory headbutt, horns 2, agile 1, clarity
a: Heroism, Finesse, Renounce Religion


You were on level 13 of the Dungeon.
You worshipped Okawaru.
Okawaru was extremely pleased with you.
You were not hungry.

You visited 2 branches of the dungeon, and saw 14 of its levels.
You also visited: Bailey.

You collected 881 gold pieces.

Inventory:

Hand Weapons
 E - a +5 dire flail of protection (weapon)
 J - a +2 hand axe of freezing
Missiles
 O - 17 javelins of returning (quivered)
Armour
 i - a +0 pair of boots (worn)
 m - a +2 pair of gloves of strength (worn)
 D - a +0 crystal plate armour (worn)
 H - the +2 cloak "Loogg" (worn) {-Cast Dex+5}
   (You acquired it on level 9 of the Dungeon)

   It affects your dexterity (+5).
   It prevents spellcasting.
Jewellery
 a - an uncursed ring of protection from magic
 c - an amulet of regeneration (around neck)
 h - an uncursed amulet of guardian spirit
 k - an uncursed ring of protection from magic
 w - an uncursed ring of protection from cold
 x - a ring of protection from cold (left hand)
 I - a ring of protection from magic (right hand)
Wands
 B - a wand of digging (13/24)
Scrolls
 e - 5 scrolls of teleportation
 j - 3 scrolls of remove curse
 o - 4 scrolls of amnesia
 v - 2 scrolls of fog
 y - 3 scrolls of fear
 z - 3 scrolls of enchant weapon
Potions
 b - a potion of haste
 d - 4 potions of might
 g - a potion of magic {unknown}
 l - 2 potions of resistance
 p - 2 potions of curing
 q - a potion of cancellation
 u - a potion of invisibility
 A - 2 potions of berserk rage {unknown}
 F - a potion of agility
 K - a potion of lignification {unknown}
 L - a potion of flight {unknown}
Books
 M - a manual of Shields
 N - a manual of Armour
Comestibles
 f - 8 bread rations
 n - 4 fruits
 r - 3 chunks of flesh
 s - 6 meat rations
 G - 7 slices of pizza


   Skills:
 + Level 11.8 Fighting
 * Level 15.6 Axes
 - Level 1.2(10.5) Maces & Flails
 + Level 11.9 Armour
 + Level 10.7 Shields
 + Level 8.0 Invocations


You had 11 spell levels left.
You didn't know any spells.

Dungeon Overview and Level Annotations

Branches:
Dungeon (13/15)            Temple (1/1) D:6            Lair (0/6) D:8
    Orc (0/2) D:12
 Vaults: D:13-14

Altars:
Ashenzari
Cheibriados
Dithmenos
Elyvilon
Fedhas
Hepliaklqana
Makhleb
Okawaru
Qazlal
Ru
Sif Muna
Trog
Uskayaw
Vehumet
Xom
Yredelemnul
Zin

Shops:
D:7 *   D:12 ([:   D:13 =

Annotations:
D:6 1 runed door


Innate Abilities, Weirdness & Mutations

You reflexively headbutt those who attack you in melee.
You have a pair of horns on your head.
You are agile. (Dex +2)
You possess an exceptional clarity of mind.


Message History

The yaktaur captain is moderately wounded.
The yaktaur captain hits you.
You barely miss the yaktaur captain. You headbutt the yaktaur captain.
The yaktaur captain is moderately wounded.
The yaktaur captain hits you but does no damage.
You thump the yaktaur captain!
The yaktaur captain is heavily wounded.
The yaktaur captain hits you!
You bludgeon the yaktaur captain!! You headbutt the yaktaur captain.
The yaktaur captain is almost dead.
You puncture the yaktaur captain!
You kill the yaktaur captain!
Okawaru accepts your kill.
Your Invocations skill increases to level 8!
The fire giant gestures at you while chanting.
The fireball explodes!
The fireball engulfs you!
You see here a bolt.
The fire giant gestures at you while chanting.
The bolt of fire hits you!
You die...

#...##..# .#W.#
##..##.... .....
#...#H....# #....
#...#yy.### ###..
#.#.#.#.# ##.
#)##### #.. #...#
#.. #.#)# ..#.#
#.@(# ..#. #C#####.
... CH#..
#H#.#.#.#..###..##.
#H..#...#...#..c#..
#...#.......#.C.#..
##..##.....##..##.#
#...##...##(..##
##...#####(..##
##..c......##


You could see a fire giant and 2 sphinxes.

Vanquished Creatures
  A yaktaur captain (D:13)
  An alligator (shapeshifter) (D:13)
  2 centaur warriors
  4 unseen horrors
  3 hill giants
  A necromancer (D:13)
  An orc knight (D:13)
  2 ugly things
  2 cyclopes
  A kobold demonologist (D:11)
  6 trolls
  2 hornets
  A blink frog (shapeshifter) (D:13)
  5 hippogriffs
  A wraith (D:12)
  23 yaks
  2 wyverns
  2 hungry ghosts
  A mottled dragon (D:12)
  The ghost of Styro the Cutter, an amateur DECK of Xom (D:3)
  A soldier ant (D:11)
  A water moccasin (D:10)
  A black bear (D:10)
  5 ice beasts
  20 orc warriors
  2 phantoms
  A hornet zombie (D:11)
  2 sky beasts
  An eye of draining (D:9)
  3 necrophages
  7 ogres
  12 centaurs
  2 crocodiles (D:8)
  5 big kobolds
  4 gnoll sergeants (D:12)
  5 bullfrogs
  6 scorpions
  5 wights (D:12)
  14 killer bees
  7 howler monkeys
  5 crimson imps
  3 quasits
  2 jellies
  9 orc priests
  Crazy Yiuf (D:2)
  5 hounds
  10 orc wizards
  A bullfrog skeleton (D:7)
  A centaur skeleton (D:6)
  An iguana (D:6)
  9 worker ants
  A hound zombie (D:11)
  A hound skeleton (D:4)
  A worker ant zombie (D:10)
  A howler monkey zombie (D:11)
  10 gnolls
  14 adders
  A river rat (D:8)
  4 shadow imps
  An adder zombie (D:8)
  5 adder skeletons
  2 worms
  A dart slug (D:1)
  4 leopard geckos
  72 orcs
  9 giant cockroaches
  10 hobgoblins
  6 jackals
  3 quokkas
  13 bats
  6 frilled lizards
  10 goblins
  A jackal zombie (D:7)
  13 kobolds
  2 leopard gecko zombies (D:6)
  15 rats
  3 fungi (D:8)
422 creatures vanquished.

Vanquished Creatures (others)
  A fire giant (D:13)
  3 fungi (D:8)
4 creatures vanquished.

Grand Total: 426 creatures vanquished

Notes
Turn   | Place    | Note
-------+----------+-------------------------------------------
     0 | D:1      | toast the Minotaur Fighter began the quest for the Orb.
     0 | D:1      | Reached XP level 1. HP: 19/19 MP: 0/0
   143 | D:1      | Reached skill level 3 in Axes
   160 | D:1      | Reached XP level 2. HP: 24/27 MP: 1/1
   438 | D:1      | Reached XP level 3. HP: 33/33 MP: 2/2
   819 | D:2      | Found a runed door.
   823 | D:2      | Noticed Crazy Yiuf
   830 | D:2      | Killed Crazy Yiuf
   830 | D:2      | Reached skill level 4 in Axes
   830 | D:2      | Reached XP level 4. HP: 34/40 MP: 0/3
  1032 | D:3      | Noticed Styro's ghost (amateur DECK)
  1043 | D:3      | Killed Styro's ghost
  1043 | D:3      | Reached skill level 5 in Axes
  1043 | D:3      | Reached XP level 5. HP: 33/47 MP: 2/4
  1698 | D:4      | Reached XP level 6. HP: 55/55 MP: 5/5
  1734 | D:4      | Reached skill level 5 in Shields
  1956 | D:4      | Reached skill level 5 in Fighting
  1956 | D:4      | Reached skill level 6 in Axes
  2306 | D:4      | Reached skill level 5 in Armour
  2477 | D:4      | Reached XP level 7. HP: 61/61 MP: 6/6
  2934 | D:5      | Entered Level 5 of the Dungeon
  3161 | D:5      | Reached skill level 7 in Axes
  3669 | D:6      | Found a glowing silver altar of Zin.
  3669 | D:6      | Found a runed door.
  3669 | D:6      | Noticed an angel
  3700 | D:6      | Reached XP level 8. HP: 45/70 MP: 4/7
  3755 | D:6      | Found a staircase to the Ecumenical Temple.
  3764 | Temple   | Entered the Ecumenical Temple
  3790 | Temple   | Became a worshipper of Warmaster Okawaru
  4003 | D:6      | Reached skill level 8 in Axes
  4304 | D:6      | Found a burning altar of Makhleb.
  4495 | D:7      | Reached * piety under Okawaru
  4495 | D:7      | Reached skill level 9 in Axes
  4565 | D:7      | Found Wexta's Assorted Antiques.
  4729 | D:7      | Reached skill level 1 in Invocations
  4730 | D:7      | Reached XP level 9. HP: 20/79 MP: 3/8
  5108 | D:7      | Reached ** piety under Okawaru
  5108 | D:7      | Reached skill level 10 in Axes
  6285 | D:8      | Reached *** piety under Okawaru
  6479 | D:8      | Found a staircase to the Lair.
  6612 | D:8      | Reached skill level 11 in Axes
  6612 | D:8      | Reached XP level 10. HP: 83/88 MP: 11/11
  7989 | D:9      | Noticed a hill giant
  8001 | D:9      | Killed a hill giant
  8149 | D:9      | Identified a scroll of acquirement
  8150 | D:9      | Got a transparent cloak
  8161 | D:9      | Identified the +2 cloak "Loogg" {-Cast Dex+5} (You acquired it on level 9 of the Dungeon)
  8662 | D:10     | Entered Level 10 of the Dungeon
  8670 | D:10     | Noticed a hill giant
  8680 | D:10     | Killed a hill giant
  8680 | D:10     | Reached **** piety under Okawaru
  8680 | D:10     | Reached skill level 12 in Axes
  9020 | D:9      | HP: 4/91 [poisoned by a killer bee]
  9025 | D:9      | HP: 3/91 [poisoned by a killer bee]
  9030 | D:9      | HP: 2/91 [poisoned by a killer bee]
  9037 | D:9      | HP: 2/91 [poisoned by a killer bee]
  9045 | D:9      | HP: 2/91 [poisoned by a killer bee]
  9425 | D:10     | Reached XP level 11. HP: 45/97 MP: 7/13
  9432 | D:10     | Killed an unseen horror
  9432 | D:10     | Reached ***** piety under Okawaru
  9432 | D:10     | Reached skill level 5 in Invocations
  9594 | D:10     | Killed an unseen horror
  9843 | D:10     | Noticed a centaur warrior
  9855 | D:10     | Killed a centaur warrior
  9855 | D:10     | Received a gift from Okawaru
  9855 | D:10     | Reached skill level 13 in Axes
  9990 | D:10     | Reached skill level 1 in Maces & Flails
 10157 | D:10     | Paralysed by a hornet for 2 turns
 10668 | D:10     | Killed an unseen horror
 10668 | D:10     | Reached skill level 10 in Fighting
 10896 | D:11     | Reached skill level 10 in Armour
 10943 | D:11     | Noticed a hill giant
 10950 | D:11     | Killed a hill giant
 11229 | D:11     | Received a gift from Okawaru
 11233 | D:11     | Killed an unseen horror
 11365 | D:11     | Reached skill level 14 in Axes
 11604 | D:12     | Reached XP level 12. HP: 108/108 MP: 15/15
 11678 | D:12     | Gained mutation: You are agile. (Dex +2) [mutagenic meat]
 11679 | D:12     | Gained mutation: You possess an exceptional clarity of mind. [mutagenic meat]
 11784 | D:12     | Found Desianat's Book Boutique.
 12056 | D:12     | Found Taemokke's Weapon Boutique.
 12133 | D:12     | Found Daub's Armour Boutique.
 12242 | D:12     | Found a staircase to the Orcish Mines.
 12484 | D:13     | Noticed a centaur warrior
 12494 | D:13     | Killed a centaur warrior
 12586 | D:13     | Found a flagged portal.
 12593 | D:13     | HP: 5/110 [red ugly thing (23)]
 12685 | Bailey   | Entered a bailey
 12706 | Bailey   | Reached skill level 15 in Axes
 13574 | D:13     | Found Dubbyliaff's Jewellery Shop.
 13683 | D:13     | Reached skill level 10 in Shields
 13730 | D:13     | Noticed a fire giant
 13737 | D:13     | Noticed an anaconda
 13737 | D:13     | a sea snake changed into an anaconda
 13743 | D:13     | Killed a fire giant
 13747 | D:13     | Noticed an alligator
 13747 | D:13     | an anaconda changed into an alligator
 13752 | D:13     | Killed an alligator
 13886 | D:13     | Noticed a fire giant
 13887 | D:13     | Noticed a yaktaur captain
 13887 | D:13     | Noticed a sphinx
 13887 | D:13     | Noticed a sphinx
 13916 | D:13     | Killed a yaktaur captain
 13918 | D:13     | Killed from afar by a fire giant

Skill      XL: |  1  2  3  4  5  6  7  8  9 10 11 12 |
---------------+-------------------------------------+-----
Axes           | 3 4 5 6 7 9 11 12 14 15 | 15.6
Shields        | 4 5 6 7 8 9 10 | 10.7
Fighting       | 4 5 6 7 8 9 10 11 | 11.8
Armour         | 4 5 6 7 9 10 11 | 11.9
Invocations    | 1 3 4 6 8 |  8.0
Maces & Flails | 1 |  1.2

Action                   |  1- 3 |  4- 6 |  7- 9 | 10-12 || total
-------------------------+-------+-------+-------+-------++-------
Melee: War axe           |    69 |   145 |   376 |   193 ||   783
       Headbutt          |    11 |    16 |    74 |   193 ||   294
       Dire flail        |       |       |       |   484 ||   484
Invok: Heroism           |       |       |     1 |     3 ||     4
       Finesse           |       |       |       |     3 ||     3
  Use: Scroll            |     4 |     5 |     3 |    14 ||    26
       Potion            |       |       |       |     7 ||     7
  Eat: Chunk             |       |     5 |    10 |    23 ||    38
       Pizza             |       |       |     2 |     2 ||     4
       Beef jerky        |       |       |     1 |     1 ||     2
       Meat ration       |       |       |     1 |       ||     1
Armor: Scale mail        |    26 |    60 |    37 |       ||   123
       Chain mail        |       |       |    91 |       ||    91
       Plate armour      |       |       |   131 |   591 ||   722
       Crystal plate arm |       |       |       |    23 ||    23
Dodge: Dodged            |    19 |    38 |    97 |   313 ||   467
Block: Shield            |    31 |    51 |   259 |   127 ||   468
